 Dungeon Crawl Stone Soup version 0.29.0-10-g45618ea6d2 (webtiles) character file.

Game seed: 16373234417569463974

42 keekatzer the Ducker (level 3, 0/22 HPs)
             Began as a Gargoyle Gladiator on Sept 2, 2022.
             Slain by a gnoll
             ... wielding a +0 spear
              (6 damage)
             ... on level 2 of the Dungeon.
             The game lasted 00:04:11 (955 turns).

keekatzer the Ducker (Gargoyle Gladiator)            Turns: 955, Time: 00:04:12

Health: 0/22       AC: 15    Str: 17    XL:     3   Next: 56%
Magic:  3/3        EV:  5    Int:  8    God:
Gold:   68         SH:  0    Dex: 13    Spells: 2/2 levels left

rFire   . . .      SeeInvis .   a - +0 war axe
rCold   . . .      Faith    .   (no shield)
rNeg    + . .      Spirit   .   m - +0 plate armour
rPois   ∞          Reflect  .   c - +0 helmet
rElec   +          Harm     .   (no cloak)
rCorr   .          Rampage  .   (no gloves)
Will    .....                   (no boots)
Stlth   ..........              (no amulet)
HPRegen 0.07/turn               (no ring)
MPRegen 0.08/turn               (no ring)

@: no status effects
A: sickness immunity, AC +3, negative energy resistance 1, electricity
resistance, torment resistance 1, petrification resistance
a: no special abilities


You were on level 2 of the Dungeon.
You visited 1 branch of the dungeon, and saw 2 of its levels.

You collected 68 gold pieces.

Inventory:

Hand Weapons
 a - a +0 war axe (weapon)
Missiles
 d - 3 throwing nets (quivered)
 e - a javelin
Armour
 b - a +0 leather armour
 c - a +0 helmet (worn)
 m - a +0 plate armour (worn)
Jewellery
 h - a ring of fire
Scrolls
 g - a scroll of vulnerability {unknown}
 k - a scroll of poison {unknown}
 l - 2 scrolls of identify {unknown}
 n - a scroll of enchant weapon {unknown}
 o - a scroll of brand weapon {unknown}
 p - a scroll of amnesia {unknown}
Potions
 f - 2 potions of attraction {unknown}
 i - a potion of lignification {unknown}
 j - a potion of curing {unknown}


   Skills:
 - Level 2.3 Fighting
 - Level 2.7 Axes
 - Level 1.8 Throwing
 + Level 1.8 Armour
 - Level 3.1 Dodging


You had 2 spell levels left.
You didn't know any spells.
Your spell library was empty.

Dungeon Overview and Level Annotations

Branches:
Dungeon (2/15)

Altars:


Innate Abilities, Weirdness & Mutations

You are immune to sickness and miasma.
Your stone body is resilient. (AC +3)
You are immune to poison.
You resist negative energy. (rN+)
You are resistant to electric shocks. (rElec)
You are resistant to unholy torment.
You are immune to petrification.


Message History

The bat hits you but does no damage.
You miss the bat. The bat completely misses you.
The bat hits you but does no damage.
You closely miss the bat. The bat hits you but does no damage. x2
The bat hits you but does no damage. The bat barely misses you.
The bat hits you but does no damage.
You hit the bat.
The bat is heavily wounded.
The bat hits you but does no damage. The bat hits you but does no damage.
The bat completely misses you. The bat barely misses you.
You slash the bat!
You kill the bat!
There is a stone staircase leading down here.
You climb downwards.
There is a stone staircase leading up here.
A gnoll comes into view. It is wielding a +0 halberd.
The gnoll shouts!
The gnoll moves out of view.
A gnoll comes into view. It is wielding a +0 club.
The gnoll shouts!
The gnoll hits you but does no damage.
You closely miss the gnoll. The gnoll hits you with a +0 spear.
You hit the gnoll.
The gnoll is heavily wounded.
The gnoll barely misses you.
You hit the gnoll.
The gnoll is almost dead.
The gnoll barely misses you.
You slash the gnoll!
The gnoll is almost dead.
The gnoll hits you from afar with a +0 halberd!
The gnoll hits you but does no damage. x2
You barely miss the gnoll.
The gnoll is almost dead.
The gnoll hits you from afar with a +0 halberd.
* * * LOW HITPOINT WARNING * * *
The gnoll hits you from afar with a +0 spear.
You die...

#.# #.# #.#
#.#
#######.#
......gg#
.......g#
#@# #.# #
.######.#.#
.......<..#
###########


You could see 3 gnolls.

Vanquished Creatures
  A dart slug (D:1)
  3 endoplasms (D:1)
  4 giant cockroaches (D:1)
  5 goblins (D:1)
  2 hobgoblins (D:1)
  4 jackals (D:1)
  5 kobolds (D:1)
  2 quokkas (D:1)
  3 ball pythons (D:1)
  2 bats (D:1)
  2 frilled lizards (D:1)
  3 rats (D:1)
36 creatures vanquished.

Vanquished Creatures (others)
  5 toadstools (D:1)
5 creatures vanquished.

Grand Total: 41 creatures vanquished

Notes
Turn   | Place    | Note
-------+----------+-------------------------------------------
     0 | D:1      | keekatzer the Gargoyle Gladiator began the quest for the
                  | Orb.
     0 | D:1      | Reached XP level 1. HP: 12/12 MP: 1/1
   186 | D:1      | Reached XP level 2. HP: 17/17 MP: 2/2
   248 | D:1      | Reached skill level 3 in Dodging
   404 | D:1      | Reached XP level 3. HP: 15/22 MP: 3/3
   494 | D:1      | Reached skill level 1 in Armour
   955 | D:2      | Slain by a gnoll

Illustrated notes

Levels and vault maps discovered:
D:1:      ldierk_walled_garden, layout_basic, minmay_pentomino_v4
D:2:      layout_basic, basic_altar, hellmonk_ecumenical_altar_inner_sanctum,
          uniq_natasha

Skill      XL: |  1  2  3 |
---------------+----------+-----
Dodging        | 3 |  3.1
Armour         | 1 |  1.8
Fighting       | |  2.3
Axes           | |  2.7
Throwing       | |  1.8

Action                   || total
-------------------------++-------
Melee: War axe           ||   123
       Punch             ||     2
Armor: Leather armour    ||    30
       Plate armour      ||    52
Dodge: Dodged            ||    77
